 Dungeon Crawl Stone Soup version 0.31-a0-216-g22e908daa7 (webtiles) character file.

Game seed: 11913496739937669676

292 qw the Shooter (level 6, -5/52 HPs)
             Began as a Minotaur Hexslinger on July 2, 2023.
             Slain by a mummy (7 damage)
             ... in an ossuary.
             The game lasted 00:01:15 (3052 turns).

qw the Shooter (Minotaur Hexslinger)                Turns: 3052, Time: 00:01:15

Health: -5/52      AC:  5    Str: 12    XL:     6   Next: 10%
Magic:  6/6        EV: 11    Int: 10    God:
Gold:   229        SH:  0    Dex: 15    Spells: 6/7 levels left

rFire   . . .        Y - +2 sling
rCold   . . .        (no shield)
rNeg    . . .        h - +0 ring mail
rPois   .            (helmet restricted)
rElec   .            (no cloak)
rCorr   .            (no gloves)
SInv    .            (no boots)
Will    .....        (no amulet)
Stlth   +            (no ring)
HPRegen 0.28/turn    (no ring)
MPRegen 0.10/turn

%: no passive effects
@: no status effects
A: horns 2, retaliatory headbutt
a: no special abilities


You were in an ossuary.
You visited 1 branch of the dungeon, and saw 4 of its levels.
You also visited: Ossuary.

You collected 229 gold pieces.


Innate Abilities, Weirdness & Mutations

You have a pair of horns on your head.
You reflexively headbutt those who attack you in melee.


   Skills:
 + Level 3.7 Fighting
 - Level 6.0 Ranged Weapons
 - Level 1.2 Armour
 - Level 2.1 Dodging
 - Level 1.0 Spellcasting
 - Level 2.0 Hexes


You had 6 spell levels left.
You knew the following spells:

 Your Spells              Type           Power      Damage    Failure   Level
a - Slow                  Hex            16%        N/A       34%         1

Your spell library contained the following spells:

 Spells                   Type           Power      Damage    Failure   Level
 Inner Flame              Hex/Fire       2%         N/A       83%         3
 Portal Projectile        Hex/Tloc       4%         N/A       83%         3
 Cause Fear               Hex            2%         N/A       98%         4

Inventory:

Hand Weapons
 Y - a +2 sling (weapon)
Armour
 h - a +0 ring mail (worn)
Potions
 a - a potion of brilliance {unknown}
 b - a potion of enlightenment
 d - 5 potions of curing
 e - a potion of attraction {unknown}
 f - a potion of haste
 g - a potion of cancellation
 k - a potion of might {unknown}

Dungeon Overview and Level Annotations

Branches:
Dungeon (4/15)            Ossuary (1/1)
 Temple: D:4-7

Altars:
Wu Jian


Message History

An orc zombie and 2 mummies come into view.
The orc zombie moves out of view.
You shoot a sling bullet. The sling bullet hits the mummy.
The mummy is lightly damaged.
A mummy comes into view.
You shoot a sling bullet. The sling bullet hits the mummy.
The mummy is lightly damaged.
A mummy comes into view.
You shoot a sling bullet.
The sling bullet hits the mummy but does no damage.
The mummy is lightly damaged.
You shoot a sling bullet. The sling bullet hits the mummy!
The mummy is heavily damaged.
You shoot a sling bullet.
The sling bullet barely misses the orc zombie.
You shoot a sling bullet.
The sling bullet hits the orc zombie but does no damage.
You shoot a sling bullet. The sling bullet hits the orc zombie.
The orc zombie is severely damaged.
You shoot a sling bullet.
The sling bullet barely misses the mummy.
The sling bullet hits the orc zombie.
The orc zombie is almost destroyed.
You shoot a sling bullet. The sling bullet hits the mummy.
The mummy is almost destroyed.
You shoot a sling bullet. The sling bullet hits the mummy!
You destroy the mummy!
The mummy hits you!
You shoot a sling bullet. The sling bullet hits the orc zombie!
You destroy the orc zombie!
You shoot a sling bullet. The sling bullet hits the mummy.
The mummy is moderately damaged.
The mummy hits you. The mummy closely misses you. The mummy hits you!
You shoot a sling bullet.
The sling bullet barely misses the mummy.
The mummy hits you! The mummy barely misses you. The mummy closely misses you.
You shoot a sling bullet. The sling bullet hits the mummy.
The mummy is heavily damaged.
The mummy hits you! x2
You die...

...........
.........
........
......
#....#
#....#
#.M.M#
#..@M#
#....#
#....#
#....#
#....#
#.\\.#
######


You could see 3 mummies.

Vanquished Creatures
  2 hounds (D:4)
  A mummy (Ossuary)
  6 gnolls
  7 adders
  An ufetubus (D:4)
  A worm (D:2)
  4 dart slugs
  3 orcs (D:4)
  8 endoplasms
  6 giant cockroaches
  A gnoll zombie (Ossuary)
  3 goblins
  7 hobgoblins
  3 jackals (D:1)
  3 quokkas
  6 ball pythons
  7 bats
  A frilled lizard (D:1)
  3 hobgoblin zombies (Ossuary)
  8 kobolds
  3 orc zombies (Ossuary)
  6 rats
90 creatures vanquished.

Notes
Turn   | Place    | Note
-------+----------+-------------------------------------------
     0 | D:1      | qw the Minotaur Hexslinger began the quest for the Orb.
     0 | D:1      | Reached XP level 1. HP: 16/16 MP: 1/1
     0 | D:1      | 0 ||| qw: Version: 0.3-a-35-g05ef00e
     0 | D:1      | 0 ||| qw: Game counter: 7781
     0 | D:1      | 0 ||| qw: Melee chars always use a shield: true
     0 | D:1      | 0 ||| qw: God list: Okawaru
     0 | D:1      | 0 ||| qw: Allow faded altars: false
     0 | D:1      | 0 ||| qw: Do Orc after clearing Dungeon:15 true
     0 | D:1      | 0 ||| qw: Do second Lair branch before Depths: true
     0 | D:1      | 0 ||| qw: Lair rune preference: random
     0 | D:1      | 0 ||| qw: Goals: Normal
     0 | D:1      | 0 ||| PLANNING D:1-11
   233 | D:1      | Reached skill level 3 in Ranged Weapons
   245 | D:1      | Reached XP level 2. HP: 23/23 MP: 2/2
   604 | D:1      | Reached XP level 3. HP: 25/29 MP: 3/3
   797 | D:1      | 797 ||| READING scroll labelled TYOH PUDIH.
   798 | D:1      | 798 ||| READING scroll labelled OBADOC WIVA.
   799 | D:1      | 799 ||| READING 2 scrolls labelled YREWUI TOLOB.
   800 | D:1      | 800 ||| READING scroll labelled POJIEL PIR.
   801 | D:1      | 801 ||| DRINKING 2 emerald potions.
   802 | D:1      | 802 ||| DRINKING 2 bubbling white potions.
   803 | D:1      | 803 ||| DRINKING 2 fuming purple potions.
   804 | D:1      | 804 ||| DROPPING scroll of poison.
   805 | D:1      | 805 ||| DROPPING scroll of fear.
   838 | D:2      | 838 ||| FLEEEEING.
   839 | D:2      | 839 ||| FLEEEEING.
   840 | D:2      | 840 ||| STAIRDANCE
   880 | D:2      | Reached skill level 4 in Ranged Weapons
   899 | D:2      | HP: 5/29 [gnoll/+0 club (6)]
   900 | D:2      | 900 ||| DRINKING potion of heal wounds.
   901 | D:2      | Reached XP level 4. HP: 36/36 MP: 4/4
  1038 | D:2      | Reached skill level 5 in Ranged Weapons
  1422 | D:2      | 1422 ||| READING scroll labelled XYAZODW MIGY.
  1423 | D:2      | 1423 ||| FLEEEEING.
  1429 | D:2      | 1429 ||| STAIRDANCE
  1486 | D:1      | 1486 ||| READING scroll labelled RANUCI KANOARCH.
  1698 | D:3      | Reached skill level 3 in Fighting
  1704 | D:3      | Reached XP level 5. HP: 45/45 MP: 5/5
  1960 | D:3      | Found a faded altar of an unknown god.
  1964 | D:3      | Found an ornate altar of the Wu Jian Council.
  2259 | D:3      | 2259 ||| UPGRADING to +0 leather armour.
  2269 | D:3      | 2269 ||| DROPPING +0 robe.
  2270 | D:3      | 2270 ||| UPGRADING to +0 ring mail.
  2280 | D:3      | 2280 ||| DROPPING +0 leather armour.
  2281 | D:3      | 2281 ||| DRINKING 2 lumpy silvery potions.
  2282 | D:3      | 2282 ||| DRINKING 2 fizzy inky potions.
  2351 | D:4      | 2351 ||| PLANNING OSSUARY
  2357 | D:4      | 2357 ||| Stepping ~*~*~tactically~*~*~ (water).
  2467 | D:4      | Reached skill level 1 in Armour
  2856 | D:4      | Reached skill level 6 in Ranged Weapons
  2891 | D:4      | Reached XP level 6. HP: 36/51 MP: 6/6
  2980 | D:4      | Found a sand-covered staircase.
  2988 | Ossuary  | Entered an ossuary
  3051 | Ossuary  | HP: 13/52 [mummy (14)]
  3052 | Ossuary  | HP: 2/52 [mummy (11)]
  3052 | Ossuary  | Slain by a mummy

Levels and vault maps discovered:
D:1:      erik_arrival_triangle_small, layout_basic
D:2:      layout_loops_ring, kennysheep_another_room, hangedman_decor_push
D:3:      layout_basic, nicolae_overflow_ecumenical_swirl,
          guppyfry_early_lair_pool
D:4:      layout_loops_cross, nicolae_ossuary_entry_plus, gup_sewer_entry_bowl
Ossuary:  ossuary_tomb_3

Skill      XL: |  1  2  3  4  5 |
---------------+----------------+-----
Ranged Weapons | 3 4 5 6 |  6.0
Fighting       | 2 3 |  3.7
Armour         | 1 |  1.2
Dodging        | |  2.1
Spellcasting   | |  1.0
Hexes          | |  2.0

Action                     |  1- 3 |  4- 6 || total
---------------------------+-------+-------++-------
   Fire: Sling             |   113 |   180 ||   293
    Use: Scroll            |     4 |     2 ||     6
         Potion            |     4 |     2 ||     6
 Armour: Robe              |    10 |     1 ||    11
         Ring mail         |       |    28 ||    28
  Dodge: Dodged            |    28 |    55 ||    83

Table legend:
 A = Non-vault XP
 B = Vault XP
 C = Vault XP percentage of total XP
 D = Non-vault monster count
 E = Vault monster count
 F = Vault count percentage of total count
                 A         B        C        D         E       F
            +---------+---------+-------+---------+---------+-------
      Total |     387 |      31 |   7.4 |      79 |      11 |  12.2
            +---------+---------+-------+---------+---------+-------
        D:1 |      48 |       0 |   0.0 |      28 |       0 |   0.0
        D:2 |     123 |       0 |   0.0 |      21 |       0 |   0.0
        D:3 |      90 |       0 |   0.0 |      17 |       0 |   0.0
        D:4 |     126 |       5 |   3.8 |      13 |       3 |  18.8
    Ossuary |       0 |      26 | 100.0 |       0 |       8 | 100.0
            +---------+---------+-------+---------+---------+-------
